 Dungeon Crawl Stone Soup version 0.26.1-11-gd32895ea62 (webtiles) character file.

Game seed: 9277224031861688120

246 Zeld the Caller (level 6, -2/36 HPs)
             Began as an Octopode Summoner on May 10, 2021.
             Slain by Grinder (11 damage)
             ... on level 3 of the Dungeon.
             The game lasted 00:07:59 (5149 turns).

Zeld the Caller (Octopode Summoner)                 Turns: 5149, Time: 00:07:59

Health: -2/36      AC:  1    Str:  8    XL:     6   Next: 11%
Magic:  6/10       EV: 14    Int: 19    God:
Gold:   192        SH:  0    Dex: 12    Spells: 2/11 levels left

rFire    . . .     SeeInvis .   (no weapon)
rCold    . . .     Faith    .   (no shield)
rNeg     . . .     Spirit   .   (helmet restricted)
rPois    .         Reflect  .   b - amulet of regeneration
rElec    .         Harm     .   c - ring of willpower
rCorr    .         Rampage  .   n - ring of flight
Will     +....                  (no ring)
Stlth    +++.......             (no ring)
HPRegen  0.52/turn              (no ring)
MPRegen  0.12/turn              (no ring)
                                (no ring)
                                (no ring)

@: no status effects
A: almost no armour, stealthy swim, amphibious, 8 rings, constrict 8, camouflage
1, gelatinous body 1
a: Evoke Flight


You were on level 3 of the Dungeon.
You visited 1 branch of the dungeon, and saw 3 of its levels.

You collected 192 gold pieces.

Inventory:

Jewellery
 b - an amulet of regeneration (around mantle)
 c - a ring of willpower (left tentacle)
 g - an uncursed ring of resist corrosion {unknown}
 n - a ring of flight (right tentacle)
Scrolls
 h - a scroll of teleportation
Potions
 a - 2 potions of heal wounds
 d - a potion of curing
 e - a potion of cancellation {unknown}
 f - a potion of mutation {unknown}
 j - 2 potions of flight {unknown}
 m - a potion of lignification {unknown}


   Skills:
 + Level 3.3 Dodging
 - Level 2.6 Stealth
 + Level 3.1 Spellcasting
 + Level 1.2 Hexes
 * Level 5.7 Summonings


You had 2 spell levels left.
You knew the following spells:

 Your Spells              Type           Power        Failure   Level
a - Summon Small Mammal   Summ           96%          1%          1
b - Call Imp              Summ           24%          2%          2
c - Call Canine Familiar  Summ           24%          4%          3
d - Summon Guardian Gole  Hex/Summ       16%          11%         3

Your spell library contained the following spells:

 Spells                   Type           Power        Failure   Level
 Summon Ice Beast         Ice/Summ       13%          43%         4
 Summon Lightning Spire   Summ/Air       13%          43%         4


Dungeon Overview and Level Annotations

Branches:
Dungeon (3/15)

Altars:
The Shining One

Annotations:
D:3 Grinder


Innate Abilities, Weirdness & Mutations

You cannot wear most types of armour.
You are very stealthy in the water. (Stealth+)
You are amphibious.
You can wear up to eight rings at the same time.
You can use your tentacles to constrict eight enemies at once.
Your skin changes colour to match your surroundings (Stealth+).
Your rubbery body absorbs attacks. (AC +1, EV +1)


Message History

You kill the jackal!
Your hound bites Grinder.
The jackal barely misses you. Grinder completely misses you.
You completely miss Grinder. You grab Grinder.
Grinder is lightly wounded.
You constrict Grinder.
Your hound bites Grinder.
The jackal bites you. Grinder hits you.
You writhe in agony.
Your hound barely misses Grinder.
Unknown command.
Okay, then.
Casting: Call Canine Familiar (dangerous; 4% risk of failure)
Confirm with . or Enter, or press ? or * to list all spells.
A beastly little devil appears in a puff of frigid air.
You constrict Grinder. The jackal bites you.
Your hound bites Grinder but does no damage.
The jackal barely misses you. Grinder hits you.
You writhe in agony.
* * * LOW HITPOINT WARNING * * *
You release your grip on Grinder.
Your hound bites Grinder but does no damage.
Grinder hits you!
You die...

#. ...........# #.
..#.#......# #.
...........# #.
..#.#......# ##
...........# ......5h...#
.......5...##############
.......h@................
#######+#################


You could see Grinder, a jackal, a friendly hound (summoned) and a friendly
white imp (summoned).

Vanquished Creatures
  An orc priest (D:3)
  An orc wizard (D:3)
  Natasha (twice) (D:2)
  3 adders
  A dart slug (D:2)
  A leopard gecko (D:2)
  An orc (D:3)
  3 giant cockroaches
  3 goblins (D:2)
  3 hobgoblins
  3 jackals
  A bat (D:2)
  4 frilled lizards
  4 kobolds
  A rat (D:3)
32 creatures vanquished.

Vanquished Creatures (collateral kills)
  An orc priest (D:3)
  Jessica (D:2)
  Natasha (D:2)
  Robin (D:2)
  5 adders (D:2)
  3 oozes
  A worm (D:2)
  2 dart slugs
  A leopard gecko (D:2)
  2 orcs (D:3)
  2 bats
  3 giant cockroaches
  11 goblins
  8 hobgoblins
  2 jackals
  A quokka (D:2)
  3 frilled lizards
  6 kobolds
  6 rats
60 creatures vanquished.

Grand Total: 92 creatures vanquished

Notes
Turn   | Place    | Note
-------+----------+-------------------------------------------
     0 | D:1      | Zeld the Octopode Summoner began the quest for the Orb.
     0 | D:1      | Reached XP level 1. HP: 11/11 MP: 3/3
   320 | D:1      | Found a glowing golden altar of the Shining One.
   492 | D:1      | Reached XP level 2. HP: 10/17 MP: 5/5
   495 | D:1      | Learned a level 2 spell: Call Imp
  1456 | D:2      | Reached XP level 3. HP: 21/21 MP: 3/6
  1460 | D:2      | Learned a level 3 spell: Call Canine Familiar
  1683 | D:2      | Noticed Jessica
  1695 | D:2      | Killed Jessica
  1916 | D:2      | Reached XP level 4. HP: 27/27 MP: 5/7
  1954 | D:2      | Noticed Robin
  2196 | D:2      | Killed Robin
  2339 | D:2      | Reached skill level 5 in Summonings
  2370 | D:2      | Noticed Natasha
  2380 | D:2      | Killed Natasha
  2959 | D:2      | Reached XP level 5. HP: 31/31 MP: 9/9
  2963 | D:2      | Learned a level 3 spell: Summon Guardian Golem
  3331 | D:2      | Noticed Natasha
  3348 | D:2      | Killed Natasha
  3463 | D:2      | Noticed Natasha
  3477 | D:2      | Killed Natasha
  4116 | D:3      | Reached skill level 1 in Hexes
  4503 | D:3      | Reached XP level 6. HP: 4/36 MP: 10/10
  5139 | D:3      | Noticed Grinder
  5149 | D:3      | Slain by Grinder

Illustrated notes

Levels and vault maps discovered:
D:1:      evilmike_arrival_fibonacci_small, layout_loops_cross, tso_metal_star
D:2:      minmay_alternating_diamond, layout_basic, uniq_robin, uniq_natasha,
          uniq_jessica
D:3:      layout_basic, nicolae_overflow_hidden_temple, glass_columns_a,
          uniq_grinder

Skill      XL: |  1  2  3  4  5 |
---------------+----------------+-----
Summonings     | 5 |  5.7
Dodging        | 3 |  3.3
Spellcasting   | 3 |  3.1
Hexes          | 1 |  1.2
Stealth        | |  2.6

Action                   |  1- 3 |  4- 6 || total
-------------------------+-------+-------++-------
Melee: Unarmed           |    30 |    95 ||   125
       Tentacles         |     8 |    16 ||    24
       Constrict         |     8 |    27 ||    35
 Cast: Summon Small Mamm |    11 |     2 ||    13
       Call Imp          |    29 |    26 ||    55
       Call Canine Famil |       |    19 ||    19
  Use: Scroll            |       |     5 ||     5
 Stab: Distracted        |       |     1 ||     1
       Sleeping          |       |     2 ||     2
Armor: Skin              |     4 |     8 ||    12
Dodge: Dodged            |    37 |    75 ||   112
